 Dungeon Crawl Stone Soup version 0.29.1-13-g9f3cf754e1 (webtiles) character file.

Game seed: 17661833460445297050

2 shadowmeld the Ducker (level 1, 0/20 HPs)
             Began as a Djinni Monk on Jan 29, 2023.
             Constricted to death by a ball python (1 damage)
             ... on level 1 of the Dungeon.
             The game lasted 00:00:24 (38 turns).

shadowmeld the Ducker (Djinni Monk)                   Turns: 38, Time: 00:00:24

Health: 0/20       AC:  2    Str: 10    XL:     1   Next: 44%
Gold:   0          EV: 10    Int: 11    God:
                   SH:  0    Dex: 15

rFire   + + .      SeeInvis .     - Unarmed
rCold   x . .      Faith    .   (no shield)
rNeg    . . .      Spirit   .   a - +0 robe
rPois   ∞          Reflect  .   (no helmet)
rElec   .          Harm     .   (no cloak)
rCorr   .          Rampage  .   (no gloves)
Will    .....                   (boots unavailable)
Stlth   ++........              (no amulet)
HPRegen 0.06/turn               (no ring)
MPRegen 0.00/turn               (no ring)

@: flying, constricted
A: sickness immunity, fire resistance 2, cold vulnerability 1, float, innate
caster, HP casting, extra vitality 1
a: no special abilities


You were on level 1 of the Dungeon.
You visited 1 branch of the dungeon, and saw 1 of its levels.

Inventory:

Armour
 a - a +0 robe (worn)
Potions
 b - a potion of ambrosia


   Skills:
 + Level 3.0 Fighting
 + Level 3.4 Dodging
 + Level 1.7 Stealth
 + Level 3.0 Unarmed Combat


You couldn't memorise any spells.
You didn't know any spells.
Your spell library was empty.

Dungeon Overview and Level Annotations

Branches:
Dungeon (1/15)

Altars:
Hepliaklqana


Innate Abilities, Weirdness & Mutations

You are immune to sickness and miasma.
You are immune to poison.
Your flesh is very heat resistant. (rF++)
You are vulnerable to cold. (rC-)
You float through the air rather than walking.
You learn spells naturally, not from books.
Your magical power is your life essence.
You have superior vitality. (+4 MHP)


Message History

The ball python completely misses the plant.
The ball python grabs the plant.
The ball python constricts the plant.
The hobgoblin hits you.
* * * LOW HITPOINT WARNING * * *
The ball python loses its grip on the plant.
A frilled lizard comes into view.
Found a glowing orb.
Found a hazy altar of Hepliaklqana.
A nearby plant withers and dies.
The frilled lizard moves out of view.
You see here a quokka corpse.
You closely miss the hobgoblin.
The hobgoblin is severely wounded.
The hobgoblin barely misses you.
You hit the hobgoblin but do no damage.
The hobgoblin is severely wounded.
The hobgoblin hits you.
* * * LOW HITPOINT WARNING * * *
You hit the hobgoblin but do no damage.
You punch the hobgoblin, but do no damage.
The hobgoblin is severely wounded.
The hobgoblin hits you but does no damage.
You barely miss the hobgoblin.
The hobgoblin is severely wounded.
The hobgoblin misses you.
You hit the hobgoblin but do no damage.
The hobgoblin is severely wounded.
The hobgoblin barely misses you.
You hit the hobgoblin.
You kill the hobgoblin!
The bat misses you.
You closely miss the bat. The bat hits you.
* * * LOW HITPOINT WARNING * * *
The ball python misses you. The ball python grabs you.
The ball python constricts you.
You escape the ball python's grasp.
Found a sling.
Found 12 gold pieces.
The ball python bites you.
* * * LOW HITPOINT WARNING * * *
The ball python closely misses you.
The ball python bites you but does no damage.
The ball python grabs you. The ball python constricts you.
You die...

#.# .# #. .# #.. .. #. .#
... .# #.# .## ###
#.##.######..##..## #...
#.##...............
#....##.##..P#~#P.....P#
#....†b..##~##P...P##~
#..#S##..~~~~~..<..~~~
##...@#..##~##P...P##~
.........#..P#~#P.....P#~
._..#.#..#...............
.[. #...)#.###..######...
$. ##...#w....## ### #
.......#### .###.#..# .#
#.#w.# # #..#


You could see a ball python.

Vanquished Creatures
  A hobgoblin (D:1)
  A quokka (D:1)
2 creatures vanquished.

Vanquished Creatures (others)
  2 plants (D:1)
2 creatures vanquished.

Grand Total: 4 creatures vanquished

Notes
Turn   | Place    | Note
-------+----------+-------------------------------------------
     0 | D:1      | shadowmeld the Djinni Monk began the quest for the Orb.
     0 | D:1      | Reached XP level 1. HP: 20/20 MP: 0/0
    27 | D:1      | Found a hazy altar of Hepliaklqana.
    36 | D:1      | HP: 1/20 [ball python (2)]
    38 | D:1      | Constricted to death by a ball python

Illustrated notes

Levels and vault maps discovered:
D:1:      eino_arrival_water_cross, layout_loops_ring,
          hellmonk_ecumenical_altar_lost_god, kennysheep_nondescript,
          minmay_hexomino_r4

Action                   || total
-------------------------++-------
Melee: Unarmed           ||    22
       Punch             ||     1
Armor: Robe              ||     9
Dodge: Dodged            ||    22
